AoeStats
← Lino

Black Forest

511672003Analyzed
4v4 RM · 13d ago on Oct 6, 2026· 50m 52s· 8 players
Game mode
Random Map
Map size
Large (8 player)
Population
200
Speed
Normal
Resources
Standard
Victory
Conquest
Starting age
Dark Age
Ending age
Imperial Age
RankedLock teamsTeams togetherTeam positionsShared explorationLock speedFull tech treeHidden civsTurbo modeCheats
Victory
Defeat
🇫🇷 Japanese · France
1138
+15
🇺🇸 Ethiopians · United States
1108
+16
🇺🇸 Burgundians · United States
1102
+17
🇺🇸 Persians · United States
1089
+17
vs
🇨🇴 Mongols · Colombia
1147
-17
🇦🇷 Burgundians · Argentina
1118
-16
🇻🇪 Franks · Venezuela
1108
-16
🇺🇸 Burmese · United States
1101
-16
Lord Tay
4:28 Loom
13:19 Feudal Age
16:18 Wheelbarrow
17:00 Town Watch
18:18 Fishing Lines
21:21 Castle Age
22:37 Caravan
23:32 Town Patrol
23:48 Hand Cart
26:44 Sanctity
27:46 Redemption
27:54 Fortified Wall
28:41 Masonry
31:19 Fervor
34:59 Imperial Age
32:52 Man-at-Arms
33:17 Gambesons
33:33 Squires
33:19 Arson
33:49 Forging
33:39 Scale Mail Armor
34:45 Long Swordsman
35:46 Onager
36:06 Two-Handed Swordsman
36:56 Champion
38:45 Onager
43:03 Iron Casting
42:43 Chain Mail Armor
joelbirouti
5:15 Loom
11:56 Feudal Age
15:53 Castle Age
13:46 Double-Bit Axe
15:08 Fishing Lines
16:58 Bow Saw
22:48 Wheelbarrow
25:46 Gold Mining
25:52 Stone Mining
26:23 Gillnets
27:37 Gold Shaft Mining
27:44 Hand Cart
31:01 Imperial Age
29:43 Forging
29:43 Husbandry
30:26 Scale Barding Armor
31:19 Iron Casting
31:09 Ordonnance Companies
31:29 Cavalier
33:34 Blast Furnace
32:56 Chain Barding Armor
32:24 Town Watch
34:27 Plate Barding Armor
33:43 Fletching
34:17 Conscription
33:26 Paladin
36:28 Chemistry
37:18 Bodkin Arrow
37:46 Ballistics
37:24 Murder Holes
37:37 Siege Engineers
37:30 Murder Holes
46:39 Padded Archer Armor
VenenoMcc
10:33 Feudal Age
15:04 Castle Age
13:13 Double-Bit Axe
14:40 Horse Collar
18:27 Bow Saw
20:20 Wheelbarrow
19:31 Loom
27:04 Padded Archer Armor
27:41 Town Watch
29:05 Gold Mining
29:17 Stone Mining
30:43 Hand Cart
31:10 Scale Barding Armor
35:06 Imperial Age
33:40 Chain Barding Armor
33:36 Leather Archer Armor
33:11 Fletching
33:23 Scale Mail Armor
33:34 Forging
33:27 Nomads
33:49 Bloodlines
33:00 Light Cavalry
33:41 Husbandry
34:08 Caravan
35:41 Bodkin Arrow
36:52 Chemistry
36:16 Conscription
35:20 Elite Steppe Lancer
36:32 Heavy Plow
36:49 Elite Mangudai
37:08 Capped Ram
38:33 Gold Shaft Mining
37:59 Bracer
38:33 Hussar
40:53 Iron Casting
41:04 Pikeman
41:46 Squires
41:31 Arson
43:28 Blast Furnace
Elbetoben181430
7:07 Double-Bit Axe
12:10 Feudal Age
11:41 Horse Collar
11:55 Gold Mining
15:54 Castle Age
14:48 Gold Shaft Mining
14:58 Bow Saw
14:54 Heavy Plow
16:01 Wheelbarrow
20:03 Hand Cart
22:46 Caravan
24:07 Loom
24:18 Stone Mining
24:26 Town Watch
24:44 Fishing Lines
28:38 Imperial Age
26:27 Cavalier
27:09 Husbandry
27:11 Gillnets
27:18 Treadmill Crane
30:15 Paladin
31:05 Scale Barding Armor
31:11 Forging
31:39 Onager
32:46 Conscription
33:33 Chemistry
33:17 Burgundian Vineyards
34:12 Stone Shaft Mining
34:46 Iron Casting
35:32 Chain Barding Armor
36:11 Town Patrol
35:44 Crossbowman
38:59 Blast Furnace
38:35 Plate Barding Armor
38:32 Ballistics
38:38 Elite Skirmisher
40:49 Two-Man Saw
40:34 Padded Archer Armor
40:25 Fletching
42:59 Leather Archer Armor
42:40 Bodkin Arrow
48:17 Bracer
48:18 Scale Mail Armor
Lino
7:46 Loom
10:20 Feudal Age
10:39 Double-Bit Axe
10:36 Horse Collar
18:25 Castle Age
17:35 Gold Mining
17:36 Stone Mining
19:43 Bow Saw
19:41 Heavy Plow
28:04 Imperial Age
27:33 Gold Shaft Mining
27:49 Scale Barding Armor
28:23 Stone Shaft Mining
29:03 Wheelbarrow
29:23 Crop Rotation
29:37 Chain Barding Armor
29:28 Forging
30:25 Chemistry
29:48 Ballistics
30:19 Hand Cart
31:31 Caravan
32:39 Two-Man Saw
33:28 Plate Barding Armor
33:28 Iron Casting
33:26 Elite War Elephant
34:39 Masonry
34:25 Murder Holes
37:59 Blast Furnace
Delicious Tuna
0:47 Loom
12:40 Feudal Age
17:13 Castle Age
15:29 Double-Bit Axe
15:26 Horse Collar
20:55 Bow Saw
23:39 Town Watch
26:42 Gold Mining
27:46 Fishing Lines
30:46 Imperial Age
28:52 Wheelbarrow
28:22 Treadmill Crane
28:29 Man-at-Arms
29:22 Forging
29:13 Scale Mail Armor
29:32 Stone Mining
30:20 Gold Shaft Mining
30:12 Hand Cart
30:15 Long Swordsman
30:56 Squires
31:24 Heavy Plow
32:26 Two-Man Saw
31:45 Burgundian Vineyards
32:19 Iron Casting
31:59 Chain Mail Armor
31:07 Two-Handed Swordsman
31:33 Arson
31:11 Pikeman
32:39 Champion
34:20 Blast Furnace
33:51 Plate Mail Armor
33:00 Capped Ram
34:04 Conscription
34:08 Conscription
34:27 Fishing Lines
35:15 Halberdier
37:25 Fortified Wall
37:38 Ballistics
38:47 Town Patrol
42:03 Scale Barding Armor
45:31 Chain Barding Armor
45:03 Fletching
45:13 Murder Holes
46:33 Bodkin Arrow
47:25 Plate Barding Armor
49:27 Crop Rotation
49:21 Caravan
49:36 Elite Coustillier
MarCus111
0:26 Loom
12:25 Feudal Age
17:23 Castle Age
16:17 Double-Bit Axe
16:14 Horse Collar
16:28 Stone Mining
18:24 Bow Saw
21:39 Heavy Plow
21:32 Gold Mining
24:54 Wheelbarrow
25:22 Ballistics
25:40 Fletching
27:59 Gold Shaft Mining
28:13 Crossbowman
33:53 Imperial Age
31:28 Padded Archer Armor
31:50 Squires
32:30 Leather Archer Armor
32:56 Bodkin Arrow
33:26 Thumb Ring
34:35 Hand Cart
35:36 Chemistry
34:44 Siege Engineers
34:25 Capped Ram
35:35 Conscription
35:28 Arbalester
36:08 Siege Ram
37:34 Torsion Engines
39:13 Bracer
39:43 Ring Archer Armor
39:14 Bracer
39:44 Ring Archer Armor
39:15 Scale Mail Armor
39:25 Forging
39:13 Murder Holes
39:29 Fortified Wall
39:40 Halberdier
40:05 Arson
43:36 Stone Shaft Mining
43:42 Heavy Scorpion
44:44 Royal Heirs
45:50 Masonry
49:26 Iron Casting
49:06 Chain Mail Armor
48:56 Caravan
48:54 Elite Shotel Warrior
bpaquereau
11:36 Feudal Age
15:25 Castle Age
13:14 Double-Bit Axe
16:47 Wheelbarrow
16:10 Fishing Lines
16:48 Bow Saw
17:17 Loom
17:35 Gillnets
19:11 Hand Cart
19:03 Stone Mining
20:46 Horse Collar
23:14 Heavy Plow
24:31 Gold Mining
27:15 Gold Shaft Mining
31:04 Imperial Age
28:36 Scale Mail Armor
28:46 Forging
27:59 Pikeman
28:40 Squires
28:25 Arson
28:23 Treadmill Crane
28:34 Guard Tower
29:05 Ballistics
29:29 Herbal Medicine
30:24 Chain Mail Armor
30:44 Iron Casting
30:04 Fletching
30:29 Masonry
30:54 Gambesons
31:14 Yasama
31:33 Bodkin Arrow
32:49 Two-Man Saw
31:13 Halberdier
32:32 Plate Mail Armor
33:03 Blast Furnace
32:22 Man-at-Arms
33:04 Bracer
34:08 Chemistry
32:55 Arrowslits
34:02 Conscription
33:16 Long Swordsman
34:58 Keep
34:36 Siege Engineers
35:13 Padded Archer Armor
35:36 Kataparuto
35:07 Two-Handed Swordsman
36:15 Leather Archer Armor
35:59 Murder Holes
36:18 Caravan
36:00 Champion
37:40 Coinage
37:58 Parthian Tactics
37:40 Thumb Ring
38:59 Heavy Cavalry Archer
44:58 Ring Archer Armor
45:25 Fortified Wall
51:48 Banking
Connection lost

Rejoining the realm…

Still unreachable

The connection could not be restored.

Session expired

The server has moved on; the page needs a fresh start.